 Dungeon Crawl Stone Soup version bcrawl-1.21.3 (webtiles) character file.

Game seed: 17474019213174213986

80111 MisterOstroum the Destroyer (level 15, -3/110 HPs)
             Began as a Demonspawn Conjurer on Mar 23, 2020.
             Was an Elder of Sif Muna.
             Hit by a tomahawk thrown by a merfolk (8 damage)
             ... on level 2 of the Shoals on Mar 25, 2020.
             The game lasted 01:43:15 (34674 turns).

MisterOstroum the Destroyer (Demonspawn Conjurer)  Turns: 34674, Time: 01:43:16

Health: -3/110     AC: 15    Str: 10    XL:     15   Next: 22%
Magic:  23/28      EV: 17    Int: 21    God:    Sif Muna [****..]
Gold:   1619       SH:  7    Dex: 18    Spells: 1/33 levels left

rFire    + . .     SeeInvis .   a - +7 short sword (elec)
rCold    + + +     Gourm    .   L - +2 buckler
rNeg     . . .     Faith    .   M - +1 robe {MR+}
rPois    .         Spirit   .   s - +1 hat {MR+}
rElec    .         Reflect  .   k - scarf {rC+ rF+}
rCorr    +         Harm     .   (no gloves)
MR       +++..                  J - +0 pair of boots
Stlth    ++........             g - amulet of regeneration
HPRegen  0.68/turn              F - ring of protection from cold
MPRegen  0.21/turn              P - ring of resist corrosion

@: contaminated, glowing, divine energy
A: horns 2, thin skeletal structure 2, cold resistance 1, demonic guardian 1,
icemail, freezing cloud immunity
a: Stop Divine Energy, Channel Magic, Forget Spell, Renounce Religion


You were on level 2 of the Shoals.
You worshipped Sif Muna.
Sif Muna was greatly pleased with you.
You were not hungry.

You visited 5 branches of the dungeon, and saw 21 of its levels.
You also visited: Ice Cave.

You collected 2298 gold pieces.
You spent 679 gold pieces at shops.

Inventory:

Hand Weapons
 a - a +7 short sword of electrocution (weapon)
 b - a +0 hunting sling
 v - a +4 blowgun
Missiles
 d - 1514 sling bullets
 q - 4 throwing nets {!f!f}
 w - 46 tomahawks of dispersal
 C - 1068 stones (quivered)
Armour
 k - a scarf of resistance (worn)
 s - a +1 hat of magic resistance (worn)
 A - a +0 pair of gloves
 J - a +0 pair of boots (worn)
 L - a +2 buckler (worn)
 M - a +1 robe of magic resistance (worn)
Jewellery
 g - an amulet of regeneration (around neck)
 F - a ring of protection from cold (left hand)
 P - a ring of resist corrosion (right hand)
Wands
 i - a wand of digging (8)
 D - a wand of scattershot (4)
 I - a wand of acid (7)
 S - a wand of paralysis (6)
 T - a wand of random effects (11)
 V - a wand of disintegration (10)
 W - a wand of polymorph (42)
 Z - a wand of flame (19)
Scrolls
 c - a scroll of silence
 n - 2 scrolls of amnesia
 y - 6 scrolls of teleportation {@r3 !r}
 z - 8 scrolls of remove curse {@r2}
 B - 2 scrolls of immolation
 E - 6 scrolls of identify
 G - 4 scrolls of blinking {@r4}
 O - a scroll of magic mapping {@r5 !r}
 R - 3 scrolls of fear {!r}
Potions
 h - 4 potions of lignification {@q6}
 l - 4 potions of brilliance
 m - 2 potions of agility
 o - a potion of resistance
 p - 3 potions of invisibility
 r - 5 potions of mutation
 t - 3 potions of magic
 u - 12 potions of curing {@q1 !q}
 x - a potion of heal wounds {@q2 !q}
 H - 2 potions of ambrosia {unknown}
 N - 6 potions of flight
 Q - a potion of haste {unknown}
Miscellaneous
 f - a sack of spiders
 j - a lightning rod (4/4)
Comestibles
 e - 25 rations {!d}


   Skills:
 + Level 8.2 Fighting
 - Level 5.6(6.0) Short Blades
   Level 2.7(4.5) Long Blades
 - Level 4.0 Slings
 + Level 6.3 Dodging
 - Level 5.0 Stealth
 - Level 4.0 Shields
 + Level 9.9 Spellcasting
 - Level 12.5 Conjurations
 - Level 4.5 Necromancy
 - Level 8.0 Transmutations
 - Level 10.4 Fire Magic
 - Level 3.7 Earth Magic
 + Level 6.8 Invocations
 - Level 5.3 Evocations


You had one spell level left.
You knew the following spells:

 Your Spells              Type           Power        Failure   Level  Hunger
a - Flame Tongue          Conj/Fire      #####        1%          1    None
b - Searing Ray           Conj           ######..     1%          2    None
c - Iskenderun's Mystic   Conj           ######..     1%          3    None
d - Irradiate             Conj/Tmut      ######....   2%          5    ####...
e - Sticky Flame          Conj/Fire      ######..     1%          4    ##.....
f - Bolt of Fire          Conj/Fire      ######....   9%          6    ######.
g - Borgnjor's Vile Clut  Necr/Erth      ####......   88%         6    ######.
h - Bolt of Draining      Conj/Necr      #####.....   5%          5    ####...

Your spell library contained the following spells:

 Spells                   Type           Power        Failure   Level  Hunger
 Animate Skeleton         Necr           N/A          1%          1    None
 Beastly Appendage        Tmut           #####.       1%          1    None
 Magic Dart               Conj           ####         1%          1    None
 Pain                     Necr           ####..       1%          1    None
 Corona                   Hex            ##.....      7%          1    None
 Flaming Arrows           Chrm/Fire      ####....     1%          2    None
 Sticks to Snakes         Tmut           #####...     1%          2    None
 Conjure Flame            Conj/Fire      ######..     1%          3    None
 Dazzling Spray           Conj/Hex       #####.       1%          3    None
 Fireball                 Conj/Fire      ######....   1%          5    ####...
 Inner Flame              Hex/Fire       N/A          2%          3    None
 Spider Form              Tmut/Pois      ###          3%          3    None
 Vampiric Draining        Necr           ####......   3%          3    None
 Fulminant Prism          Conj/Hex       #####.....   4%          4    ##.....
 Throw Icicle             Conj/Ice       #####...     4%          4    ##.....
 Bolt of Magma            Conj/Fire/Erth #####.....   4%          5    ####...
 Petrify                  Tmut/Erth      #####...     6%          4    ##.....
 Blade Hands              Tmut           #####.....   7%          5    ####...
 Regeneration             Chrm/Necr      ###.......   8%          3    None
 Ensorcelled Hibernation  Hex/Ice        ##....       10%         2    None
 Shackle                  Hex            ##......     10%         2    None
 Animate Dead             Necr           N/A          10%         4    ##.....
 Ice Form                 Ice/Tmut       ####....     13%         4    ##.....
 Yara's Violent Unravell  Hex/Tmut       ####......   13%         4    ##.....
 Lightning Bolt           Conj/Air       #####.....   14%         5    ####...
 Venom Bolt               Conj/Pois      #####.....   14%         5    ####...
 False Image              Hex/Summ       ##......     21%         3    None
 Cause Fear               Hex            ##........   54%         4    ##.....
 Bolt of Cold             Conj/Ice       #####.....   61%         6    ######.
 Conjure Ball Lightning   Conj/Air       #####.....   61%         6    ######.
 Poison Arrow             Conj/Pois      #####.....   61%         6    ######.
 Steam Barrier            Chrm/Fire      ####......   75%         6    ######.
 Silence                  Hex/Air        ##........   88%         5    ####...
 Summon Lightning Spire   Summ/Air       ##......     88%         5    ####...
 Infestation              Hex/Tmut/Pois  ###......    98%         6    ######.
 Mana Rupture             Conj/Hex       #####.....   99%         7    #######
 Spellforged Servitor     Conj/Summ      #####.....   99%         7    #######
 Ignition                 Fire           ######....   99%         8    #######
 Darkness                 Hex            ##........   100%        6    ######.
 Deflect Missiles         Chrm/Air       ##........   100%        6    ######.
 Shadow Creatures         Summ           N/A          100%        6    ######.
 Lehudib's Crystal Spear  Conj/Erth      #####.....   100%        8    #######
 Time Stop                Chrm/Tloc      N/A          100%        8    #######
 Fire Storm               Conj/Fire      ######....   100%        9    #######
 Tornado                  Air            ##........   100%        9    #######


Dungeon Overview and Level Annotations

Branches:
Dungeon (12/12)            Temple (1/1) D:6            Lair (5/6) D:9
 Shoals (2/3) Lair:2        Snake (0/3) Lair:2          Orc (1/1) D:11
    Elf (0/3) Orc          Vaults (0/3) D:12         Depths (0/5) D:12
  Slime: Lair:5-6

Altars:
Ashenzari
Dithmenos
Fedhas
Gozag
Hepliaklqana
Kikubaaqudgha
Lugonu
Makhleb
Nemelex Xobeh
Okawaru
Ru
Sif Muna
Trog
Uskayaw
Vehumet
Wu Jian
Xom
Yredelemnul
The Shining One
Beogh

Shops:
D:6 *   D:8 =   D:10 !   Orc **([%

Annotations:
Lair:1 3 runed translucent doors, MisterOstroum's ghost, novice VSAc; SirMumm's ghost, journeyman GrWz; einarkeyser's ghost, novice HuHu
Lair:3 2 transporters, exclusion: 3 oklob plants, stillor's ghost, journeyman DsGl
Shoals:1 exclusion: kraken


Innate Abilities, Weirdness & Mutations

You have a pair of horns on your head.
You have a moderately thin skeletal structure. (Dex +4, Stealth+)
Your flesh is cold resistant. (rC+)
A weak demonic guardian rushes to your aid.
A meltable icy envelope protects you from harm. (AC +10)
You are immune to freezing clouds.


Message History

Confirm with . or Enter, or press ? or * to list all spells.
You erupt in a fountain of uncontrolled magic!
The plant is blasted with magical radiation!!
The plant is heavily damaged.
The plant twists and deforms.
The merfolk avatar is blasted with magical radiation!!
The merfolk avatar is almost dead.
The merfolk avatar twists and deforms.
You are feeling hungry.
Sif Muna grants you divine energy.
You briefly lose access to your magic!
The merfolk avatar chants its luring song.
The drowned soul touches you. The drowned soul drowns you!
* * * LOW HITPOINT WARNING * * *
Okay, then.
Unknown command.
The merfolk avatar chants its luring song.
The merfolk hits you but does no damage.
Unknown command.
Unknown command.
Really read
R - 4 scrolls of fear {!r}?
As you read the scroll of fear {!r}, it crumbles to dust.
You assume a fearsome visage.
The drowned soul is unaffected.
The merfolk looks frightened! x2
The merfolk avatar resists with almost no effort.
Splash!
You fall into the shallow water.
Moving in this stuff is going to be slow.
The merfolk avatar chants its luring song.
Really quaff
x - 2 potions of heal wounds {@q2 !q}?
You feel much better.
The merfolk avatar chants its luring song.
Okay, then.
Unknown command.
You feel somewhat more hungry.
You regain access to your magic.
The merfolk avatar chants its luring song.
Casting: Irradiate (safe; 2% risk of failure)
Confirm with . or Enter, or press ? or * to list all spells.
You erupt in a fountain of uncontrolled magic!
The drowned soul is blasted with magical radiation!!
You destroy the drowned soul!
The plant is blasted with magical radiation!!
You destroy the plant!
The merfolk avatar is blasted with magical radiation!!
You are no longer entranced.
You kill the merfolk avatar!
Sif Muna accepts your kill.
You are feeling very hungry.
Unknown command.
Okay, then.
Unknown command.
You start resting.
You feel less invigorated.
You feel somewhat more hungry.
You eat one of the 26 rations {!d}.
That ration really hit the spot!
You feel less invigorated.
A - a pair of gloves The merfolk hits you but does no damage.
You are too injured to fight recklessly!
You are too injured to fight recklessly!
You are too injured to fight recklessly!
You hit the merfolk.
The merfolk is lightly wounded.
The merfolk barely misses you.
You closely miss the merfolk.
The merfolk is lightly wounded.
You puncture the merfolk!
The merfolk is moderately wounded.
The merfolk hits you with a +0 trident!
You hit the merfolk. Your headbutt misses the merfolk.
The merfolk is moderately wounded.
You block the merfolk's attack.
You hit the merfolk.
The merfolk is moderately wounded.
The merfolk hits you with a +0 trident!
* * * LOW HITPOINT WARNING * * *
You hit the merfolk. Lightning courses through the merfolk!
The merfolk is severely wounded.
You hit the merfolk. Your headbutt misses the merfolk.
The merfolk is severely wounded.
The merfolk hits you with a +0 trident!!
* * * LOW HITPOINT WARNING * * *
Casting: Irradiate (safe; 2% risk of failure)
Confirm with . or Enter, or press ? or * to list all spells.
Aiming: Flame Tongue (safe; 1% risk of failure)
Press: ? - help, Shift-Dir - straight line, f - merfolk
Aim: a merfolk, wielding a +0 trident (severely wounded)
Okay, then.
Unknown command.
Casting: Flame Tongue (safe; 1% risk of failure)
Confirm with . or Enter, or press ? or * to list all spells.
Aiming: Bolt of Draining (safe; 5% risk of failure)
Press: ? - help, Shift-Dir - straight line, f - merfolk
Aim: a merfolk, wielding a +0 trident (severely wounded)
The bolt of negative energy hits the merfolk!
The merfolk is drained!
You kill the merfolk!
Sif Muna accepts your kill.
The merfolk throws a tomahawk.
The tomahawk hits you!
You die...

.≈≈≈≈≈≈≈≈≈.≈≈≈≈≈≈...PPP≈≈≈
≈≈≈≈≈≈≈≈≈≈.)≈≈^P≈PP≈PP≈≈
≈≈≈≈≈≈≈P≈)....P≈≈≈≈P.
≈≈≈≈≈≈.≈.PP..PPPP≈PP.
≈≈≈...##.###.PP≈≈P.P.
≈≈≈..###.# #Pm≈≈P#
≈≈≈......###.≈P≈≈###
≈≈≈≈≈≈≈≈P.)P.≈≈≈≈....
≈≈≈≈≈≈≈....@≈P≈≈≈≈...
≈.≈≈≈≈≈≈≈≈≈≈≈≈≈≈≈≈≈≈≈
≈≈≈≈≈≈≈≈≈≈≈≈≈≈≈≈≈≈≈≈≈
≈≈≈≈≈≈≈≈P≈≈≈≈≈≈≈≈≈≈≈≈
≈≈≈≈≈≈≈≈≈≈≈≈≈≈≈≈≈≈≈≈≈
≈≈≈≈≈≈≈≈≈≈≈≈≈≈≈≈≈≈≈≈≈
≈≈≈≈≈≈≈≈≈≈≈≈≈≈≈≈≈≈≈≈
≈≈≈≈≈≈≈≈≈≈≈≈≈≈≈≈≈≈
≈≈≈≈≈≈≈≈≈≈≈≈≈≈≈≈


You could see a merfolk.

Vanquished Creatures
  Gastronok (D:11)
  Snorg (D:11)
  An ettin (D:12)
  Josephine (Orc)
  A yaktaur captain (D:10)
  2 merfolk impalers (Shoals:1)
  8 vault guards (D:12)
  A merfolk avatar (Shoals:2)
  Psyche (D:8)
  7 hydras
  A merfolk aquamancer (Shoals:2)
  A satyr (Shoals:1)
  3 two-headed ogres
  Erica (D:11)
  2 centaur warriors (D:12)
  A tengu warrior (D:12)
  4 orc high priests (Orc)
  A deep troll (D:12)
  A deep elf knight (D:12)
  2 sea snakes
  A cyclops (D:7)
  A necromancer (IceCv)
  An orc sorcerer (Orc)
  An ugly thing (D:10)
  3 harpies (Shoals:2)
  An oklob plant (Lair:1)
  A wolf spider (Lair:3)
  5 manticores
  3 fauns (Shoals:1)
  3 elephants (Lair:5)
  2 merfolk sirens (Shoals:1)
  2 centaur zombies
  A guardian serpent (Lair:2)
  3 ice statues (IceCv)
  A water nymph (Shoals:1)
  6 black mambas
  11 cane toads
  6 komodo dragons
  7 ice devils (IceCv)
  An efreet (D:11)
  5 merfolk
  3 meliai (D:12)
  7 trolls
  2 meliai zombies
  11 hippogriffs
  12 slime creatures
  8 blink frogs
  A shadow (D:11)
  6 wraiths
  21 yaks
  8 water elementals
  A wyvern (D:8)
  4 basilisks
  5 hungry ghosts
  4 vampire mosquitoes (D:12)
  4 wargs
  A soldier ant (D:12)
  11 crocodiles
  An acid dragon (Lair:3)
  14 orc warriors
  6 porcupines
  8 water moccasins
  9 ice beasts
  2 phantoms
  5 sky beasts
  2 black bears
  5 ogres
  13 wolves
  9 centaurs
  9 bullfrogs
  A gnoll sergeant (D:5)
  3 scorpions
  6 killer bees (D:7)
  11 wights
  4 howler monkeys
  7 crimson imps
  A bullfrog zombie (D:5)
  3 draconian simulacra (IceCv)
  4 gnoll shamans (D:5)
  4 centaur skeletons
  4 hounds
  A jelly (D:6)
  12 orc priests
  21 orc wizards
  3 iguanas
  Jessica (D:2)
  Natasha (thrice) (D:4)
  Terence (D:2)
  4 worker ants
  A spriggan simulacrum (IceCv)
  2 troll simulacra (IceCv)
  A hound skeleton (D:4)
  A howler monkey zombie (D:5)
  A worker ant zombie (D:6)
  44 gnolls
  18 adders
  A howler monkey skeleton (D:8)
  2 naga simulacra (IceCv)
  2 ogre simulacra (IceCv)
  A shadow imp (D:7)
  An ooze (D:1)
  An adder zombie (D:4)
  An adder skeleton (D:4)
  7 worms
  2 dart slugs
  4 leopard geckos
  49 orcs
  3 giant cockroaches
  5 goblins
  12 hobgoblins
  27 jackals
  11 kobolds
  7 quokkas
  3 bats
  3 frilled lizards
  A jackal skeleton (D:4)
  4 rats
  2 fulminant prisms
  A fungus (Lair:5)
  3 plants
613 creatures vanquished.

Vanquished Creatures (collateral kills)
  A centaur warrior (D:9)
  A merfolk aquamancer (Shoals:1)
  A black mamba (Lair:5)
  A cane toad (Lair:5)
  Grinder (D:5)
  A hornet (Lair:3)
  A slime creature (D:11)
  2 yaks
  2 phantoms (D:4)
  An ogre (D:4)
  Blork the orc (D:5)
  A wyvern skeleton (D:9)
  3 orc priests
  An orc wizard (D:9)
  A hound skeleton (D:4)
  An adder skeleton (D:5)
  2 orcs
  A quokka (D:5)
23 creatures vanquished.

Vanquished Creatures (others)
  42 fulminant prisms
  23 fungi
  20 plants
  2 withered plants (Lair:1)
87 creatures vanquished.

Grand Total: 723 creatures vanquished

Notes
Turn   | Place    | Note
-------+----------+-------------------------------------------
     0 | D:1      | MisterOstroum the Demonspawn Conjurer began the quest for
                  | the Orb.
     0 | D:1      | Reached XP level 1. HP: 13/13 MP: 3/3
    83 | D:1      | Reached skill level 1 in Fighting
   189 | D:1      | Gained mutation: Your flesh is cold resistant. (rC+)
                  | [demonic ancestry]
   189 | D:1      | Reached XP level 2. HP: 18/21 MP: 1/5
   385 | D:1      | Learned a level 2 spell: Searing Ray
  1410 | D:2      | Found a shimmering altar of Xom.
  1417 | D:2      | Reached XP level 3. HP: 19/26 MP: 0/6
  1759 | D:2      | Noticed Jessica
  1763 | D:2      | Killed Jessica
  1839 | D:2      | Found a sacrificial altar of Ru.
  1867 | D:2      | Became a worshipper of Ru the Awakened
  1916 | D:2      | Gained mutation: A weak demonic guardian rushes to your
                  | aid. [demonic ancestry]
  1916 | D:2      | Reached XP level 4. HP: 32/32 MP: 1/7
  1921 | D:2      | Learned a level 3 spell: Iskenderun's Mystic Blast
  2430 | D:2      | Noticed Terence
  2454 | D:2      | Killed Terence
  2561 | D:2      | Found a bloodstained altar of Trog.
  2609 | D:2      | Reached skill level 5 in Conjurations
  2902 | D:3      | Reached skill level 1 in Slings
  2902 | D:3      | Reached XP level 5. HP: 37/37 MP: 5/9
  3651 | D:3      | Found a sparkling altar of Nemelex Xobeh.
  4041 | D:4      | Noticed an ogre
  4046 | D:4      | Killed an ogre
  4046 | D:4      | Reached XP level 6. HP: 44/44 MP: 2/10
  4440 | D:4      | Noticed a sky beast
  4444 | D:4      | Killed a sky beast
  4641 | D:4      | Noticed Natasha
  4654 | D:4      | Killed Natasha
  4654 | D:4      | Gained mutation: You are immune to freezing clouds.
                  | [demonic ancestry]
  4654 | D:4      | Reached XP level 7. HP: 46/51 MP: 0/12
  4800 | D:4      | Learned a level 5 spell: Irradiate
  5396 | D:4      | Noticed Natasha
  5398 | D:4      | Killed Natasha
  5461 | D:4      | Noticed Natasha
  5477 | D:4      | Killed Natasha
  5516 | D:4      | Reached skill level 1 in Transmutations
  5845 | D:5      | Entered Level 5 of the Dungeon
  5857 | D:5      | Fell from the grace of Ru
  5938 | D:5      | Reached skill level 6 in Conjurations
  6221 | D:5      | Noticed Grinder
  6414 | D:5      | Noticed Blork the orc
  6421 | D:5      | Killed Blork the orc
  6421 | D:5      | Reached XP level 8. HP: 58/58 MP: 1/14
  6572 | D:5      | Reached skill level 1 in Short Blades
  8137 | D:5      | Identified the +1 chain mail of Cowardice {Str+6}
  8660 | D:5      | Reached skill level 7 in Conjurations
  9108 | D:5      | Paralysed by Grinder for 4 turns
  9115 | D:5      | Killed Grinder
  9306 | D:6      | Reached XP level 9. HP: 45/65 MP: 3/16
  9530 | D:6      | Found a staircase to the Ecumenical Temple.
  9538 | Temple   | Entered the Ecumenical Temple
  9639 | Temple   | Became a worshipper of Sif Muna the Loreminder
  9743 | D:6      | Found Zoweath's Assorted Antiques.
  9757 | D:6      | Bought a moonstone ring for 120 gold pieces
  9921 | D:6      | Reached skill level 5 in Spellcasting
 10190 | D:6      | Reached skill level 8 in Conjurations
 10466 | D:6      | Reached * piety under Sif Muna
 10552 | D:6      | Reached skill level 5 in Transmutations
 10682 | D:6      | Identified Sif Muna's Catalogue of Conjuration (Sif Muna
                  | gifted it to you on level 6 of the Dungeon)
 10682 | D:6      | Received a gift from Sif Muna
 11527 | D:7      | Noticed a cyclops
 11575 | D:6      | Reached skill level 9 in Conjurations
 11674 | D:7      | Learned a level 4 spell: Sticky Flame
 11957 | D:7      | Gained mutation: You have a pair of small horns on your
                  | head. [demonic ancestry]
 11957 | D:7      | Reached XP level 10. HP: 71/71 MP: 3/18
 12210 | D:7      | Reached skill level 1 in Fire Magic
 12406 | D:7      | Killed a cyclops
 12406 | D:7      | Reached skill level 1 in Shields
 13123 | D:8      | Reached ** piety under Sif Muna
 13136 | D:8      | Noticed a manticore
 13166 | D:7      | Reached skill level 10 in Conjurations
 13289 | D:8      | Noticed Psyche
 13345 | D:8      | Killed a manticore
 13632 | D:8      | Found an iron altar of Okawaru.
 13970 | D:8      | Found Jisu Vud's Jewellery Shoppe.
 14124 | D:8      | Killed Psyche
 14124 | D:8      | Identified Nockut's Disquisition on Ashen Battle Magic (Sif
                  | Muna gifted it to you on level 8 of the Dungeon)
 14124 | D:8      | Received a gift from Sif Muna
 14124 | D:8      | Reached *** piety under Sif Muna
 14124 | D:8      | Reached skill level 5 in Fire Magic
 14331 | D:9      | Found a staircase to the Lair.
 14480 | D:9      | Gained mutation: You have a somewhat thin skeletal
                  | structure. (Dex +2, Stealth) [demonic ancestry]
 14480 | D:9      | Reached XP level 11. HP: 77/77 MP: 10/20
 14579 | D:9      | Found a radiant altar of Vehumet.
 14848 | D:9      | Noticed a centaur warrior
 14857 | D:9      | Killed a centaur warrior
 14915 | D:9      | Found an ornate altar of the Wu Jian Council.
 14918 | D:9      | Found a bloodstained altar of Trog.
 14920 | D:9      | Found an opulent altar of Gozag.
 15382 | D:9      | Noticed a two-headed ogre
 15387 | D:9      | Killed a two-headed ogre
 15655 | D:10     | Entered Level 10 of the Dungeon
 15690 | D:10     | Noticed a white ugly thing
 15970 | Lair:1   | Entered Level 1 of the Lair of Beasts
 15975 | Lair:1   | Found a frozen archway.
 16011 | Lair:1   | Reached skill level 5 in Fighting
 16131 | IceCv    | Entered an ice cave
 16236 | IceCv    | Learned a level 4 spell: Fulminant Prism
 16762 | IceCv    | Received a gift from Sif Muna
 16762 | IceCv    | Reached skill level 5 in Stealth
 17085 | IceCv    | Noticed a necromancer
 17098 | IceCv    | Identified the +9 halberd of Integrity {chop, rF+ Stlth+}
 17112 | IceCv    | Killed a necromancer
 17133 | IceCv    | Got a warped flail
 17138 | IceCv    | Got a dazzling great sword
 17219 | Lair:1   | Identified the cursed +1 great sword "Lifebane" {speed,
                  | *Contam +Blink +Rage} (You found it in an ice cave)
 17256 | Lair:1   | Reached skill level 11 in Conjurations
 17394 | Lair:1   | Reached skill level 1 in Long Blades
 17661 | Lair:1   | Found a hazy altar of Hepliaklqana.
 17664 | Lair:1   | Noticed an oklob plant
 17787 | Lair:1   | Killed an oklob plant
 17787 | Lair:1   | Gained mutation: You have a pair of horns on your head.
                  | [demonic ancestry]
 17787 | Lair:1   | Reached XP level 12. HP: 80/89 MP: 2/21
 18014 | Lair:1   | Found a runed translucent gate.
 18014 | Lair:1   | Found a runed translucent gate.
 18014 | Lair:1   | Found a runed translucent gate.
 18024 | Lair:1   | Noticed einarkeyser's ghost (novice HuHu)
 18024 | Lair:1   | Noticed MisterOstroum's ghost (novice VSAc)
 18030 | Lair:1   | Noticed an eight-headed hydra
 18034 | Lair:1   | Noticed SirMumm's ghost (journeyman GrWz)
 18046 | Lair:1   | Killed an eight-headed hydra
 19829 | Lair:2   | Found a staircase to the Shoals.
 19989 | Lair:2   | Found a staircase to the Snake Pit.
 20661 | Lair:3   | Identified Losaicka's Tome of Attacks (Sif Muna gifted it
                  | to you on level 3 of the Lair of Beasts)
 20661 | Lair:3   | Received a gift from Sif Muna
 20679 | Lair:3   | Identified the +4 trident of Karma {antimagic, +Blink +Inv
                  | MR-}
 20680 | Lair:3   | Found a bloodstained altar of Trog.
 20680 | Lair:3   | Noticed stillor's ghost (journeyman DsGl)
 20681 | Lair:3   | Found a transporter.
 20681 | Lair:3   | Identified the +2 trident of Baaf Ega {vamp, +Fly rF- rN+}
 20697 | Lair:3   | Found a transporter.
 20804 | Lair:3   | Reached skill level 1 in Evocations
 22421 | Lair:4   | Noticed a seven-headed hydra
 23280 | Lair:4   | Killed a seven-headed hydra
 23360 | Lair:5   | Noticed a five-headed hydra
 23366 | Lair:5   | Killed a five-headed hydra
 23366 | Lair:5   | Gained mutation: A meltable icy envelope protects you from
                  | harm. (AC +10) [demonic ancestry]
 23366 | Lair:5   | Reached XP level 13. HP: 84/96 MP: 9/24
 23997 | Lair:5   | Reached skill level 5 in Dodging
 24397 | Lair:5   | Reached skill level 5 in Short Blades
 25103 | Lair:5   | Learned a level 6 spell: Bolt of Fire
 25319 | D:10     | Found Oqutsu's Distillery.
 25535 | D:10     | Received a gift from Sif Muna
 26361 | D:11     | Noticed Gastronok
 26516 | D:11     | Found a staircase to the Orcish Mines.
 26737 | D:11     | Reached skill level 5 in Evocations
 27504 | D:11     | Noticed Snorg
 27511 | D:11     | Killed Snorg
 27902 | D:11     | Noticed Erica
 27910 | D:11     | Killed Erica
 28013 | D:12     | Entered Level 12 of the Dungeon
 28200 | D:12     | Found a staircase to the Depths.
 28200 | D:12     | Noticed an ettin
 28207 | D:12     | Gained mutation: You have a moderately thin skeletal
                  | structure. (Dex +4, Stealth+) [demonic ancestry]
 28207 | D:12     | Reached XP level 14. HP: 92/105 MP: 26/26
 28231 | D:11     | Reached **** piety under Sif Muna
 28490 | D:12     | Got a warped trident
 28712 | D:12     | Reached skill level 1 in Invocations
 28737 | D:12     | Reached skill level 12 in Conjurations
 29158 | D:12     | Identified the cursed +0 trident of Watchfulness {flame,
                  | Str+3} (You found it on level 12 of the Dungeon)
 29261 | D:12     | Identified Usios's Almanac of the Rocks and Battle Magic
                  | (Sif Muna gifted it to you on level 12 of the Dungeon)
 29261 | D:12     | Received a gift from Sif Muna
 29315 | D:12     | Found a blossoming altar of Fedhas.
 29511 | D:12     | Found a gate to the Vaults.
 29699 | D:12     | Upgraded the game from bcrawl-1.21.2-28-g2cb1824106 to
                  | bcrawl-1.21.3
 30343 | D:12     | Reached skill level 10 in Fire Magic
 30699 | D:11     | Learned a level 6 spell: Borgnjor's Vile Clutch
 30749 | D:11     | Killed Gastronok
 30749 | D:11     | Reached skill level 1 in Necromancy
 30749 | D:11     | Reached skill level 1 in Earth Magic
 30832 | Orc      | Entered the Orcish Mines
 30832 | Orc      | Found Puulympo's Food Shoppe.
 31248 | Orc      | Reached skill level 5 in Invocations
 31363 | Orc      | Received a gift from Sif Muna
 31454 | Lair:1   | Learned a level 5 spell: Bolt of Draining
 31630 | Orc      | Found a staircase to the Elven Halls.
 32550 | Orc      | Found a roughly hewn altar of Beogh.
 32552 | Orc      | Noticed Josephine
 32576 | Orc      | Killed Josephine
 32967 | Orc      | Found Uhuegox's Assorted Antiques.
 32967 | Orc      | Found Qatip's Armour Shoppe.
 32968 | Orc      | Found Nyifa's Antique Weapon Shoppe.
 32971 | Orc      | Found Qasanog's Assorted Antiques.
 32977 | Orc      | Bought 2 grey potions for 34 gold pieces
 32977 | Orc      | Bought a copper wand for 76 gold pieces
 32977 | Orc      | Bought an emerald potion for 17 gold pieces
 33129 | D:10     | Bought a potion of curing for 36 gold pieces
 33129 | D:10     | Bought a potion of magic for 96 gold pieces
 33129 | D:10     | Bought a potion of mutation for 96 gold pieces
 33129 | D:10     | Bought a potion of curing for 36 gold pieces
 33129 | D:10     | Bought 2 potions of curing for 72 gold pieces
 33129 | D:10     | Bought a potion of magic for 96 gold pieces
 33131 | D:10     | Learned a level 1 spell: Flame Tongue
 33259 | Shoals:1 | Entered Level 1 of the Shoals
 33874 | Shoals:1 | Reached XP level 15. HP: 110/110 MP: 21/28
 34461 | Shoals:1 | Noticed a kraken
 34673 | Shoals:2 | HP: 4/110 [merfolk/+0 trident (25)]
 34674 | Shoals:2 | Hit by a tomahawk thrown by a merfolk

Skill      XL: |  1  2  3  4  5  6  7  8  9 10 11 12 13 14 15 |
---------------+----------------------------------------------+-----
Fighting       | 1 2 3 4 6 7 8 |  8.2
Conjurations   | 5 6 7 9 10 11 12 | 12.5
Slings         | 1 2 3 4 |  4.0
Stealth        | 3 5 |  5.0
Spellcasting   | 3 4 5 6 7 8 9 |  9.9
Transmutations | 1 4 6 7 8 |  8.0
Short Blades   | 2 4 5 |  5.6
Fire Magic     | 6 7 8 10 | 10.4
Shields        | 4 |  4.0
Long Blades    | 2 |  2.7
Dodging        | 2 4 6 |  6.3
Evocations     | 3 5 |  5.3
Invocations    | 5 6 |  6.8
Necromancy     | 4 |  4.5
Earth Magic    | 3 |  3.7

Action                   |  1- 3 |  4- 6 |  7- 9 | 10-12 | 13-15 || total
-------------------------+-------+-------+-------+-------+-------++-------
Melee: Unarmed           |    13 |       |       |       |       ||    13
       Short sword       |       |       |    43 |    94 |   161 ||   298
       Headbutt          |       |       |       |    11 |    25 ||    36
       Great sword       |       |       |       |    21 |       ||    21
 Fire: Hunting sling     |    35 |    42 |   168 |    18 |    12 ||   275
Throw: Javelin           |       |     1 |       |     3 |       ||     4
       Stone             |       |       |       |       |     2 ||     2
 Cast: Magic Dart        |    59 |   139 |   189 |    14 |       ||   401
       Iskenderun's Myst |       |    13 |   150 |   191 |   294 ||   648
       Searing Ray       |       |       |     4 |    10 |     4 ||    18
       Sticky Flame      |       |       |     3 |    75 |    47 ||   125
       Irradiate         |       |       |       |    12 |    42 ||    54
       Fulminant Prism   |       |       |       |    22 |    22 ||    44
       Bolt of Fire      |       |       |       |       |    20 ||    20
       Bolt of Draining  |       |       |       |       |    26 ||    26
       Flame Tongue      |       |       |       |       |    28 ||    28
Invok: Renounce Religion |       |       |     1 |       |       ||     1
       Divine Energy     |       |       |     1 |       |       ||     1
       Channel Magic     |       |       |       |       |     5 ||     5
Evoke: Wand              |       |       |     6 |       |     3 ||     9
  Use: Scroll            |       |     5 |     5 |    11 |    14 ||    35
       Potion            |       |       |       |     1 |     6 ||     7
 Stab: Sleeping          |       |       |       |     8 |     3 ||    11
       Distracted        |       |       |       |     1 |     2 ||     3
       Paralysed         |       |       |       |       |     2 ||     2
  Eat: Chunk             |     3 |    10 |    27 |    31 |    46 ||   117
       Ration            |       |       |     2 |     7 |     8 ||    17
Armor: Robe              |    19 |     4 |    17 |    46 |   113 ||   199
       Skin              |       |       |       |     4 |     3 ||     7
Dodge: Dodged            |    54 |    18 |    85 |   168 |   193 ||   518
Block: Buckler           |       |       |       |    44 |   110 ||   154
       Other             |       |       |       |     1 |       ||     1
